 Dungeon Crawl Stone Soup version 0.28.0-53-g5a82cb258f (webtiles) character file.

Game seed: 17127078774400459244

956 dranuc9 the Thaumaturge (level 7, -12/36 HPs)
             Began as a Deep Elf Conjurer on July 2, 2022.
             Was an Initiate of Vehumet.
             Mangled by a two-headed ogre
             ... wielding a +0 giant club
              (21 damage)
             ... on level 5 of the Dungeon on July 3, 2022.
             The game lasted 00:33:14 (4826 turns).

dranuc9 the Thaumaturge (Deep Elf Conjurer)         Turns: 4826, Time: 00:33:16

Health: -12/36     AC:  5    Str:  4    XL:     7   Next: 91%
Magic:  15/21      EV: 12    Int: 25    God:    Vehumet [......]
Gold:   269        SH:  0    Dex: 13    Spells: 20/23 levels left

rFire   . . .      SeeInvis .   d - +2 dagger (venom)
rCold   . . .      Faith    .   (no shield)
rNeg    . . .      Spirit   .   a - +0 robe
rPois   .          Reflect  .   (no helmet)
rElec   .          Harm     .   (no cloak)
rCorr   .          Rampage  .   l - +2 pair of gloves
Will    +....                   (no boots)
Stlth   ++........              (no amulet)
HPRegen 0.12/turn               g - ring of willpower
MPRegen 0.17/turn               (no ring)

@: no status effects
A: no striking features
a: Renounce Religion


You were on level 5 of the Dungeon.
You worshipped Vehumet.
Vehumet was noncommittal.
You visited 2 branches of the dungeon, and saw 6 of its levels.

You collected 269 gold pieces.

Inventory:

Hand Weapons
 d - a +2 dagger of venom (weapon)
Missiles
 n - a throwing net
Armour
 a - a +0 robe (worn)
 l - a +2 pair of gloves (worn)
Jewellery
 g - a ring of willpower (left hand)
Scrolls
 b - a scroll of vulnerability {unknown}
 c - 4 scrolls of teleportation {unknown}
 e - a scroll of silence {unknown}
 m - a scroll of torment {unknown}
 p - a scroll of identify {unknown}
Potions
 f - 2 potions of brilliance {unknown}
 h - a potion of magic {unknown}
 i - 2 potions of attraction {unknown}
 j - a potion of mutation {unknown}
 k - a potion of resistance {unknown}
 o - a potion of ambrosia {unknown}
 q - a potion of degeneration {unknown}


   Skills:
 + Level 0.2 Fighting
 + Level 3.0 Dodging
 + Level 3.8 Stealth
 * Level 8.5 Spellcasting
 * Level 8.0 Conjurations


You had 20 spell levels left.
You knew the following spells:

 Your Spells              Type           Power      Damage    Failure   Level
a - Magic Dart            Conj           100%       1d8       1%          1
b - Searing Ray           Conj           100%       2d8       1%          2

Your spell library contained the following spells:

 Spells                   Type           Power      Damage    Failure   Level
 Dazzling Flash           Conj/Hex       60%        N/A       3%          3
 Sublimation of Blood     Necr           10%        N/A       9%          2
 Wereblood                Tmut           10%        N/A       9%          2
 Fulminant Prism          Conj/Hex       15%        3d11      11%         4
 Iskenderun's Mystic Bla  Conj/Tloc      30%        2d8       11%         4
 Tukima's Dance           Hex            10%        N/A       17%         3
 Anguish                  Hex/Necr       5%         N/A       50%         4
 Enfeeble                 Hex            5%         N/A       100%        7
 Summon Hydra             Summ           5%         N/A       100%        7


Dungeon Overview and Level Annotations

Branches:
Dungeon (5/15)             Temple (1/1) D:5

Altars:
Dithmenos
Elyvilon
Nemelex Xobeh
Okawaru
Qazlal
Trog
Vehumet
Wu Jian
Xom
Yredelemnul
Zin


Message History

Confirm with . or Enter, or press ? or * to list all spells.
Aiming: Magic Dart (safe; 1% risk of failure)
Press: ? - help, Shift-Dir - straight line, f/p - two-headed ogre
Aim: a two-headed ogre, wielding a +0 giant club and a +0 giant spiked club (lightly wounded, 100% to hit)
The magic dart hits the two-headed ogre.
The two-headed ogre is lightly wounded.
Casting: Magic Dart (safe; 1% risk of failure)
Confirm with . or Enter, or press ? or * to list all spells.
Aiming: Magic Dart (safe; 1% risk of failure)
Press: ? - help, Shift-Dir - straight line, f/p - two-headed ogre
Aim: a two-headed ogre, wielding a +0 giant club and a +0 giant spiked club (lightly wounded, 100% to hit)
The magic dart hits the two-headed ogre but does no damage.
The two-headed ogre is lightly wounded.
Casting: Magic Dart (safe; 1% risk of failure)
Confirm with . or Enter, or press ? or * to list all spells.
Aiming: Searing Ray (safe; 1% risk of failure)
Press: ? - help, Shift-Dir - straight line, f/p - two-headed ogre
Aim: a two-headed ogre, wielding a +0 giant club and a +0 giant spiked club (lightly wounded, 92% to hit)
The searing ray hits the two-headed ogre!
The two-headed ogre is moderately wounded. (Press . to maintain the ray.)
The searing ray hits the two-headed ogre!
The two-headed ogre is heavily wounded.
The searing ray hits the two-headed ogre!
The two-headed ogre is heavily wounded.
There is a stone staircase leading up here.
Casting: Searing Ray (safe; 1% risk of failure)
Confirm with . or Enter, or press ? or * to list all spells.
Aiming: Searing Ray (safe; 1% risk of failure)
Press: ? - help, Shift-Dir - straight line, f/p - two-headed ogre
Aim: a two-headed ogre, wielding a +0 giant club and a +0 giant spiked club (heavily wounded, 92% to hit)
The searing ray hits the two-headed ogre.
The two-headed ogre is heavily wounded. (Press . to maintain the ray.)
The two-headed ogre hits you with a +0 giant club!!
Ouch! That really hurt!
* * * LOW HITPOINT WARNING * * *
The two-headed ogre hits you with a +0 giant spiked club!!
Ouch! That really hurt!
You die...

########.# ###≈≈## #.# #≈≈# #.#
##≈≈ #.# ## .########### #.###
..#........####...############
..####.........>.............#
.$. #.###.#......##########.#
...# #.# #.#.#.O@### #.# ...
#.###.≈.#≈≈.#≈## #.#
..#.##....≈♣≈#≈≈≈#≈.# #.#
.......###..≈#.≈≈#≈≈# ##.#
...###.###≈♣.♣≈≈....# ##.§## .#
#.#.##.≈≈≈.≈.≈≈≈≈## ##§§).#
####......≈♣≈.≈≈≈..♣.# #§§§..#
......#.##≈≈≈.≈.≈≈≈≈.# ##≈§..##
.#.#....##....≈≈.≈.≈.###≈≈≈≈.##


You could see a two-headed ogre.

Vanquished Creatures
  Sigmund (D:5)
  3 ogres
  A scorpion (D:5)
  A gnoll sergeant (D:5)
  A centaur zombie (D:5)
  A hound (D:4)
  Terence (D:2)
  Natasha (D:2)
  An iguana (D:4)
  An orc wizard (D:3)
  A hound skeleton (D:4)
  A howler monkey zombie (D:5)
  12 gnolls
  6 adders
  An ufetubus (D:5)
  3 worms
  2 dart slugs
  6 orcs
  A ball python (D:2)
  3 endoplasms
  3 giant cockroaches
  9 hobgoblins
  2 jackals (D:2)
  5 kobolds
  7 quokkas
  4 bats
  9 frilled lizards
  3 goblins
  A quokka skeleton (D:4)
  2 rats (D:3)
93 creatures vanquished.

Notes
Turn   | Place    | Note
-------+----------+-------------------------------------------
     0 | D:1      | dranuc9 the Deep Elf Conjurer began the quest for the Orb.
     0 | D:1      | Reached XP level 1. HP: 10/10 MP: 6/6
   651 | D:1      | Reached XP level 2. HP: 15/15 MP: 0/8
  1027 | D:2      | Noticed Natasha
  1034 | D:2      | Killed Natasha
  1035 | D:2      | Reached skill level 5 in Conjurations
  1035 | D:2      | Reached XP level 3. HP: 10/19 MP: 1/9
  1249 | D:2      | Learned a level 2 spell: Searing Ray
  1491 | D:2      | Found a faded altar of an unknown god.
  1539 | D:2      | Noticed Terence
  1578 | D:2      | Killed Terence
  1579 | D:2      | Reached XP level 4. HP: 16/24 MP: 1/12
  2134 | D:3      | Reached XP level 5. HP: 28/28 MP: 9/13
  2359 | D:3      | Found a shimmering altar of Xom.
  2361 | D:3      | Found a white marble altar of Elyvilon.
  2656 | D:3      | Reached skill level 5 in Spellcasting
  3212 | D:4      | Reached XP level 6. HP: 32/32 MP: 7/16
  3888 | D:5      | Entered Level 5 of the Dungeon
  3888 | D:5      | Noticed Sigmund
  3900 | D:5      | Killed Sigmund
  3901 | D:5      | Reached XP level 7. HP: 30/36 MP: 8/19
  3975 | D:5      | Found a bloodstained altar of Trog.
  4624 | D:5      | Found a staircase to the Ecumenical Temple.
  4630 | Temple   | Entered the Ecumenical Temple
  4690 | Temple   | Became a worshipper of Vehumet
  4804 | D:5      | Noticed a two-headed ogre
  4826 | D:5      | Mangled by a two-headed ogre

Illustrated notes

Levels and vault maps discovered:
D:1:      dpeg_arrival_renting, layout_basic, serial_forest,
          infiniplex_forest_diagonal, infiniplex_forest_lined_3,
          infiniplex_forest_clump_small, infiniplex_forest_clump_small,
          infiniplex_forest_corner_1, minmay_lizard_pond
D:2:      layout_loops_ring, ebering_ecumenical_altar_hall, grunt_ministairs_15,
          uniq_natasha, uniq_terence
D:3:      layout_loops_ring, minitemple, kennysheep_generic_room_7
D:4:      layout_rooms
D:5:      minmay_skewed_foursquare, layout_loops_corners,
          mainiacjoe_overflow_small_starburst,
          mainiacjoe_overflow_catch_the_wave, minmay_temple_entry_fiery,
          serial_rivers, chequers_serial_rivers_small_3,
          chequers_serial_rivers_small_a, chequers_serial_rivers_micro_a,
          chequers_serial_rivers_small_3, chequers_serial_rivers_marsh,
          chequers_serial_rivers_room_a, uniq_sigmund
Temple:   minmay_temple_curvy_loop

Skill      XL: |  1  2  3  4  5  6  7 |
---------------+----------------------+-----
Conjurations   | 5 6 7 8 |  8.0
Spellcasting   | 4 5 7 8 |  8.5
Stealth        | 3 |  3.8
Dodging        | 3 |  3.0
Fighting       | |  0.2

Action                   |  1- 3 |  4- 6 |  7- 9 || total
-------------------------+-------+-------+-------++-------
 Cast: Magic Dart        |    52 |    65 |    18 ||   135
       Searing Ray       |     5 |    25 |     9 ||    39
Armor: Robe              |     1 |     6 |     1 ||     8
Dodge: Dodged            |     2 |     6 |     2 ||    10
